 Dungeon Crawl Stone Soup version 0.19.1-1-g22dce08 (webtiles) character file.

7758 Faustar the Destroyer (level 11, -4/61 HPs)
             Began as a High Elf Conjurer on Dec 29, 2016.
             Was an Elder of Vehumet.
             Slain by a spiny frog (5 damage)
             ... on level 2 of the Lair of Beasts.
             The game lasted 00:40:30 (11846 turns).

Faustar the Destroyer (High Elf Conjurer)          Turns: 11846, Time: 00:40:31

Health: -4/61      AC:  4    Str:  7    XL:     11   Next: 1%
Magic:  4/28       EV: 13    Int: 24    God:    Vehumet [****..]
Gold:   324        SH:  0    Dex: 15    Spells: 5 memorised, 21 levels left

rFire  . . .     SeeInvis .     G - +3 falchion
rCold  . . .     Gourm    .     a - +0 robe
rNeg   . . .     Faith    .     (no shield)
rPois  .         Spirit   .     (no helmet)
rElec  .         Reflect  .     (no cloak)
rCorr  .         Harm     .     I - +0 pair of gloves
MR     +....                    d - +0 pair of boots (curse)
Stlth  ++........               (no amulet)
                                (no ring)
                                (no ring)

@: no status effects
A: no striking features
a: Renounce Religion


You were on level 2 of the Lair of Beasts.
You worshipped Vehumet.
Vehumet was greatly pleased with you.
You were hungry.

You visited 3 branches of the dungeon, and saw 11 of its levels.
You also visited: Ossuary.

You collected 324 gold pieces.

Inventory:

Hand Weapons
 G - a +3 falchion (weapon)
Armour
 a - a +0 robe (worn)
 d - a cursed +0 pair of boots (worn)
 I - a +0 pair of gloves (worn)
Wands
 p - a wand of random effects (19/48)
 A - a wand of slowing (35/48)
 J - a wand of paralysis (11/24)
Scrolls
 f - 2 scrolls of fear {unknown}
 g - 4 scrolls of remove curse
 i - 3 scrolls of random uselessness {unknown}
 j - 9 scrolls of identify
 l - a scroll of noise {unknown}
 n - a scroll of enchant weapon
 o - 4 scrolls of teleportation
 t - a scroll of magic mapping
 y - a scroll of enchant armour {unknown}
 E - a scroll of holy word {unknown}
 F - a scroll of vulnerability {unknown}
 H - a scroll of torment {unknown}
 K - a scroll of recharging {unknown}
 L - a scroll of fog {unknown}
 O - a scroll of blinking {unknown}
Potions
 e - 6 potions of degeneration
 h - 2 potions of ambrosia {unknown}
 k - 4 potions of agility {unknown}
 m - a potion of berserk rage {unknown}
 q - a potion of haste {unknown}
 r - a potion of lignification {unknown}
 s - 2 potions of resistance {unknown}
 x - a potion of flight {unknown}
 z - a potion of heal wounds {unknown}
 C - 3 potions of curing {unknown}
 D - 2 potions of might {unknown}
 M - a potion of mutation {unknown}
 N - a potion of magic {unknown}
Books
 b - a book of Conjurations

   Spells                             Type                      Level
   a - Magic Dart                     Conjuration                  1
   b - Searing Ray                    Conjuration                  2
   c - Dazzling Spray                 Conjuration/Hexes            3
   d - Fulminant Prism                Conjuration/Hexes            4
   e - Iskenderun's Mystic Blast      Conjuration                  4
   f - Iskenderun's Battlesphere      Conjuration/Charms           5
Comestibles
 c - 8 bread rations
 u - 3 beef jerkies
 v - 4 meat rations
 w - 2 royal jellies
 B - 5 fruits


   Skills:
 - Level 2.1 Dodging
 - Level 2.1 Stealth
 + Level 12.0 Spellcasting
 - Level 12.0 Conjurations
 - Level 3.2 Hexes
 - Level 5.0 Charms
 - Level 6.0 Air Magic


You had 21 spell levels left.
You knew the following spells:

 Your Spells              Type           Power        Failure   Level  Hunger
a - Magic Dart            Conj           ####         1%          1    None
b - Searing Ray           Conj           ######       1%          2    None
c - Fulminant Prism       Conj/Hex       ######....   1%          4    None
d - Shock                 Conj/Air       ####         1%          1    None
e - Iskenderun's Battles  Conj/Chrm      ######..     1%          5    ###....


Dungeon Overview and Level Annotations

Branches:
Dungeon (8/15)             Temple (1/1) D:6            Lair (2/6) D:8
  Swamp: Lair:2-4    Shoals: Lair:2-4     Snake: Lair:2-4    Spider: Lair:2-4

Altars:
Elyvilon
Kikubaaqudgha
Qazlal
Ru
Vehumet
Xom

Shops:
D:4 (

Annotations:
D:8 eXcel's ghost, novice CeHu


Message History

Okay, then.
Unknown command.
Unknown command.
Casting: Fulminant Prism
Confirm with . or Enter, or press ? or * to list all spells.
Aiming: Searing Ray
Press: ? - help, Shift-Dir - straight line, f - spiny frog
Aim: a spiny frog (heavily wounded)
The searing ray hits the spiny frog.
The spiny frog is severely wounded.
You feel yourself speed up.
Your battlesphere is no longer moving slowly.
Your battlesphere fires!
The barrage of energy hits the spiny frog.
The spiny frog is almost dead.
The spiny frog closely misses you.
You riposte.
You hit the spiny frog but do no damage.
The spiny frog is almost dead.
The spiny frog stings you.
You die...

#...###... .. ..#.. #...P
#...# 8.. ..#..
#...###...## ## ..#..#....
#..<.##....##P#...........
##...###....*$.........#.##
#P...# #...............#..#
##...# #...............##..
##...# #..(F..#.#........#.
#....###..@#####.........#.
##....##....## #...........
#....###...#.# #.........#
#....###....## #.........#
#.....#....## ###.........#
##.........# #...........#
#..........# #.........#
#..........# #...#.....#
#...##P...## ##...###...#


You could see a spiny frog and a friendly battlesphere.

Vanquished Creatures
  Erica (Lair:1)
  The ghost of cuckmaster the Grappler, a novice TrWz of Okawaru (D:7)
  A torpor snail (Lair:2)
  2 spiny frogs (Lair:1)
  2 komodo dragons (Lair:1)
  4 blink frogs (Lair:1)
  2 hippogriffs
  2 water moccasins (Lair:2)
  3 orc warriors
  4 porcupines
  5 sky beasts
  An ice beast (D:7)
  A black bear (D:4)
  A centaur (D:6)
  A crocodile (Lair:1)
  4 ogres
  A big kobold (D:8)
  5 bullfrogs
  2 water moccasin zombies (Ossuary)
  A scorpion (D:5)
  4 wights (D:7)
  4 electric eels
  2 howler monkeys
  2 centaur zombies
  2 bullfrog zombies (D:5)
  2 centaur skeletons
  2 orc priests
  5 bullfrog skeletons
  Jessica (D:2)
  An iguana (D:5)
  4 worker ants
  6 orc wizards
  A killer bee zombie (D:6)
  2 big kobold zombies (Ossuary)
  A hound zombie (D:5)
  A hound skeleton (D:4)
  2 mummies (Ossuary)
  A worker ant zombie (D:5)
  10 adders
  3 shadow imps (D:5)
  An ooze (D:1)
  2 adder skeletons
  8 adder zombies
  4 worms
  3 dart slugs
  6 leopard geckos
  22 orcs
  2 ball pythons (D:1)
  6 giant cockroaches
  12 goblins
  9 hobgoblins
  16 jackals
  7 kobolds
  4 quokkas
  12 bats
  5 frilled lizards
  A giant cockroach zombie (D:5)
  3 gnoll zombies (Ossuary)
  10 hobgoblin zombies (Ossuary)
  2 jackal skeletons
  A jackal zombie (D:5)
  A kobold zombie (Ossuary)
  A leopard gecko skeleton (D:5)
  2 leopard gecko zombies (D:5)
  6 orc zombies (Ossuary)
  2 quokka zombies (D:5)
  7 rats
  8 plants
263 creatures vanquished.

Vanquished Creatures (others)
  69 fulminant prisms
  4 plants
  A withered plant (D:5)
74 creatures vanquished.

Grand Total: 337 creatures vanquished

Notes
Turn   | Place    | Note
-------+----------+-------------------------------------------
     0 | D:1      | Faustar the High Elf Conjurer began the quest for the Orb.
     0 | D:1      | Reached XP level 1. HP: 11/11 MP: 4/4
   220 | D:1      | Reached XP level 2. HP: 10/17 MP: 1/7
   262 | D:1      | Learned a level 2 spell: Searing Ray
   898 | D:1      | Reached XP level 3. HP: 12/21 MP: 2/9
  1321 | D:2      | Noticed Jessica
  1324 | D:2      | Killed Jessica
  1324 | D:2      | Reached skill level 5 in Spellcasting
  1324 | D:2      | Reached XP level 4. HP: 27/27 MP: 8/12
  1856 | D:2      | Found a radiant altar of Vehumet.
  1873 | D:2      | Became a worshipper of Vehumet
  2420 | D:3      | Reached XP level 5. HP: 31/31 MP: 12/14
  2525 | D:3      | Learned a level 4 spell: Fulminant Prism
  3242 | D:4      | Found Zuedyago's Antique Weapon Shoppe.
  3264 | D:4      | Noticed an ogre
  3272 | D:4      | Killed an ogre
  3272 | D:4      | Reached skill level 5 in Conjurations
  3280 | D:4      | Reached * piety under Vehumet
  3280 | D:4      | Offered knowledge of Shock by Vehumet.
  3280 | D:4      | Reached XP level 6. HP: 36/36 MP: 3/16
  3283 | D:4      | Learned a level 1 spell: Shock
  3630 | D:4      | Found a stormy altar of Qazlal.
  3636 | D:4      | Noticed a fire elemental
  3639 | D:4      | Noticed an air elemental
  3644 | D:4      | Noticed a water elemental
  3747 | D:4      | Found an ancient bone altar of Kikubaaqudgha.
  3974 | D:4      | Reached XP level 7. HP: 25/41 MP: 3/17
  4080 | D:4      | Reached skill level 5 in Air Magic
  4110 | D:4      | Found a white marble altar of Elyvilon.
  4252 | D:5      | Entered Level 5 of the Dungeon
  4469 | D:5      | Learned a level 5 spell: Iskenderun's Battlesphere
  4839 | D:5      | Reached ** piety under Vehumet
  4965 | D:5      | Offered knowledge of Throw Flame by Vehumet.
  4971 | D:5      | Reached skill level 1 in Charms
  5399 | D:5      | Reached skill level 5 in Charms
  5494 | D:5      | Reached XP level 8. HP: 46/46 MP: 9/18
  6039 | D:5      | Reached skill level 1 in Hexes
  6409 | D:6      | Found a staircase to the Ecumenical Temple.
  6421 | Temple   | Entered the Ecumenical Temple
  6551 | D:6      | Found a shimmering altar of Xom.
  6553 | D:6      | Found a blossoming altar of Fedhas.
  6553 | D:6      | Found a deep blue altar of Sif Muna.
  6556 | D:6      | Found a hide-covered altar of Uskayaw.
  6556 | D:6      | Found a glowing silver altar of Zin.
  6556 | D:6      | Found a hide-covered altar of Uskayaw.
  7690 | D:6      | Found a sacrificial altar of Ru.
  7737 | D:7      | Found a sand-covered staircase.
  7742 | Ossuary  | Entered an ossuary
  7958 | Ossuary  | Offered knowledge of Throw Frost by Vehumet.
  8129 | Ossuary  | Reached XP level 9. HP: 51/51 MP: 11/19
  8243 | Ossuary  | Reached *** piety under Vehumet
  8609 | D:7      | Noticed cuckmaster's ghost (novice TrWz)
  8623 | D:7      | Killed cuckmaster's ghost
  8942 | D:7      | Offered knowledge of Olgreb's Toxic Radiance by Vehumet.
 10134 | D:8      | Noticed eXcel's ghost (novice CeHu)
 10254 | D:8      | Found a staircase to the Lair.
 10258 | Lair:1   | Entered Level 1 of the Lair of Beasts
 10330 | D:8      | Reached XP level 10. HP: 49/56 MP: 14/21
 10398 | Lair:1   | Noticed a spiny frog
 10846 | Lair:1   | Noticed a spiny frog
 10852 | Lair:1   | Killed a spiny frog
 10852 | Lair:1   | Reached **** piety under Vehumet
 10852 | Lair:1   | Reached skill level 10 in Spellcasting
 11007 | Lair:1   | Killed a spiny frog
 11182 | Lair:1   | Noticed Erica
 11200 | Lair:1   | Killed Erica
 11682 | Lair:2   | Noticed a torpor snail
 11840 | Lair:2   | Noticed a spiny frog
 11845 | Lair:2   | Killed a torpor snail
 11845 | Lair:2   | Reached XP level 11. HP: 18/61 MP: 6/28
 11845 | Lair:2   | HP: 1/61 [spiny frog (17)]
 11846 | Lair:2   | Slain by a spiny frog

Skill      XL: |  1  2  3  4  5  6  7  8  9 10 |
---------------+-------------------------------+-----
Spellcasting   | 3 4 5 6 7 12 | 12.0
Conjurations   | 5 6 9 12 | 12.0
Air Magic      | 4 6 |  6.0
Charms         | 5 |  5.0
Hexes          | 3 |  3.2
Dodging        | |  2.1
Stealth        | |  2.1

Action                   |  1- 3 |  4- 6 |  7- 9 | 10-12 || total
-------------------------+-------+-------+-------+-------++-------
Melee: Dagger            |    39 |     5 |    10 |       ||    54
 Cast: Magic Dart        |    59 |    82 |    85 |    34 ||   260
       Searing Ray       |     4 |    23 |    55 |     8 ||    90
       Fulminant Prism   |       |     6 |    52 |    11 ||    69
       Shock             |       |     5 |    21 |     8 ||    34
       Iskenderun's Batt |       |       |     8 |    11 ||    19
  Use: Scroll            |       |     5 |     2 |     1 ||     8
  Eat: Chunk             |     1 |     9 |    19 |     6 ||    35
       Bread ration      |       |       |     1 |       ||     1
       Meat ration       |       |       |     1 |       ||     1
Armor: Robe              |    10 |     1 |    10 |     1 ||    22
Dodge: Dodged            |    44 |     9 |    67 |     9 ||   129
       Rpst.: Falchion   |       |       |     1 |     5 ||     6
